Wild vs Red Wings
(R1)
Created - 26 mai 2013 at 19:24
Goals
|
| Wild |
3 |
0 |
1 |
4 |
| Red Wings |
3 |
0 |
2 |
5 |
|
Shots
|
| Wild |
9 |
11 |
9 |
29 |
| Red Wings |
12 |
12 |
4 |
28 |
|
1st period
1. Wild , Mike Ricci 1 (Adam Deadmarsh, Shane Hnidy) at 2:17
2. Red Wings , Rick Nash 2 (Shawn Horcoff) at 2:29
3. Red Wings , Jason Spezza 4 (Sean Bergenheim) at 6:29
4. Red Wings , Jason Spezza 5 (Martin Havlat) at 12:20 (PP)
5. Wild , Vaclav Prospal 2 (Mike Green) at 14:14
6. Wild , Mark Recchi 4 (Chris Drury) at 19:51
Penalties :
Brian Rolston (Min) for Boarding (Minor) at 4:21, Chris Higgins (Min) for Roughing (Minor) at 7:13, Mark Recchi (Min) for Interference (Minor) at 12:18
2nd period
No Goal
Penalties :
Mike Green (Min) for Hooking (Minor) at 0:09, Shane Hnidy (Min) for Hooking (Minor) at 5:42, Mark Recchi (Min) for Delaying the game (Minor) at 9:53, Anson Carter (Min) for High sticking (Minor) at 16:24
3rd period
7. Red Wings , Shawn Horcoff 1 (Rick Nash, Maxim Kondratiev) at 5:52
8. Wild , Jozef Stumpel 3 (Shane Hnidy, Mark Recchi) at 9:13
9. Red Wings , Martin Havlat 2 (Christian Laflamme, Jason Spezza) at 14:14 (SH)
Penalties :
Christian Laflamme (Det) for Holding (Minor) at 2:30, Nathan Horton (Det) for Hooking (Minor) at 13:36, Mark Recchi (Min) for Holding (Minor) at 19:02
Goalie Stats
Martin Brodeur (Min), 23 saves from 28 shots - (0,821), L, 1-3-0, 60:00 minutes
Robert Esche (Det), 25 saves from 29 shots - (0,862), W, 2-0-0, 60:00 minutes
Players Stats for Wild
Player Name G A P +/- PIM S H SB GA TA FO MP PP MP PK MP
------------------------------------------------------------------------------------
Adam Deadmarsh 0 1 1 0 0 1 2 0 0 0 0/0 7:41 1:40 0:00
Anson Carter 0 0 0 1 2 3 1 1 0 2 0/1 13:03 0:11 0:00
Bret Hedican 0 0 0 -1 0 1 0 1 0 0 0/0 20:26 2:24 5:20
Brian Rolston 0 0 0 0 2 1 3 1 1 2 0/0 15:09 0:00 6:21
Chris Drury 0 1 1 -1 0 2 0 2 0 0 17/30 19:13 2:07 1:48
Chris Higgins 0 0 0 -1 2 0 3 0 1 0 1/2 14:50 0:11 4:47
Fedor Tyutin 0 0 0 -1 0 1 1 0 0 0 0/0 15:06 1:34 0:30
Fredrik Modin 0 0 0 1 0 0 2 0 0 1 0/1 8:31 0:00 1:32
Jozef Stumpel 1 0 1 2 0 4 2 1 0 1 0/0 14:09 2:07 0:00
Mark Recchi 1 1 2 -1 6 2 2 0 0 0 0/1 17:11 2:07 0:00
Mike Green 0 1 1 -2 2 1 3 1 3 0 0/0 20:38 2:24 0:30
Mike Ricci 1 0 1 0 0 2 2 0 0 0 1/4 11:38 0:11 4:03
Nathan Dempsey 0 0 0 -2 0 2 0 0 0 0 0/0 26:09 1:34 5:29
Niclas Wallin 0 0 0 3 0 2 1 1 0 0 0/0 19:26 0:00 7:35
R.J. Umberger 0 0 0 -2 0 3 3 0 0 0 1/1 16:03 1:40 0:00
Rod Brind'Amour 0 0 0 0 0 1 2 2 0 1 8/24 16:01 0:00 7:15
Shane Hnidy 0 2 2 3 2 1 0 0 0 1 0/0 18:24 0:00 6:22
Vaclav Prospal 1 0 1 1 0 2 3 0 0 0 6/10 13:21 1:40 0:00
Players Stats for Red Wings
Player Name G A P +/- PIM S H SB GA TA FO MP PP MP PK MP
------------------------------------------------------------------------------------
Brian Sutherby 0 0 0 0 0 1 0 0 0 0 2/4 5:14 0:20 0:00
Christian Backman 0 0 0 0 0 0 0 0 0 0 0/0 11:54 0:00 0:58
Christian Laflamme 0 1 1 3 2 1 0 0 0 0 0/0 16:18 0:00 1:45
Donald Brashear 0 0 0 0 0 2 1 0 0 1 0/1 11:05 0:13 0:46
Jaroslav Spacek 0 0 0 -1 0 0 0 2 0 0 0/0 12:46 3:53 0:00
Jason Spezza 2 1 3 0 0 5 1 0 1 0 19/38 22:50 6:32 2:33
Kim Johnsson 0 0 0 -1 0 1 3 1 0 1 0/0 31:01 9:00 3:00
Lubos Bartecko 0 0 0 0 0 1 2 1 1 1 0/1 14:11 0:18 0:00
Martin Havlat 1 1 2 0 0 6 2 0 0 1 2/3 23:18 6:34 2:33
Maxim Kondratiev 0 1 1 2 0 0 0 0 0 0 0/0 20:07 3:53 0:58
Nathan Horton 0 0 0 -1 2 1 2 1 1 0 0/1 19:42 6:01 0:00
Paul Martin 0 0 0 -2 0 0 1 1 1 0 0/0 25:40 9:00 0:36
Pavel Trnka 0 0 0 0 0 0 0 0 0 0 0/0 3:36 0:00 0:39
Peter Schaefer 0 0 0 0 0 0 0 0 0 0 0/0 5:55 0:00 0:46
Radek Bonk 0 0 0 0 0 2 3 0 0 0 4/6 9:25 0:00 0:00
Rick Nash 1 1 2 0 0 5 0 2 1 0 1/1 21:34 6:08 0:39
Sean Bergenheim 0 1 1 -1 0 0 0 1 1 1 1/2 20:07 6:32 0:00
Shawn Horcoff 1 1 2 0 0 3 0 0 2 0 11/17 21:17 6:01 0:39
3 Stars
1 - Jason Spezza (Det)
2 - Jozef Stumpel (Min)
3 - Martin Havlat (Det)
Power Play
Wild - 0 on 2 Attempt(s) - 0,00%
Red Wings - 1 on 8 Attempt(s) - 12,50%
Penalty Kill
Wild - 7 on 8 Attempt(s) - 87,50%
- Score 0 goal in Penalty Kill
Red Wings - 2 on 2 Attempt(s) - 100,00%
- Score 1 goal in Penalty Kill
Official
Referees : Jackson Dave and Morton Dean
Linesman : Pierre Racicot and Mike Cvik
Game Notes
9:13 of 3rd period - Wild goal is going for a video replay. After video review, Goal.
Finance
Level 1 -- Attendance: 5312 (88,53%) -- Ticket Income 483 392 $
Level 2 -- Attendance: 5000 (100,00%) -- Ticket Income 265 000 $
Level 3 -- Attendance: 2000 (100,00%) -- Ticket Income 60 000 $
Level 4 -- Attendance: 4000 (100,00%) -- Ticket Income 80 000 $
Luxury Box -- Attendance: 1000 (100,00%) -- Ticket Income 165 000 $
Game was played at the Joe Louis Arena
Total Attendance: 17312 (96,18%)
Total Ticket Income: 1 053 392 $
Other Income: 52 670 $
Total Income: 1 106 062 $
Wild
5 vs 5 Forward
Center Left Wing Right Wing Time % Phy DF OF
1 Chris Drury R.J. Umberger Mark Recchi 40 0 1 4
2 Vaclav Prospal Jozef Stumpel Anson Carter 30 1 0 4
3 Rod Brind'Amour Chris Higgins Brian Rolston 20 1 1 3
4 Mike Ricci Fredrik Modin Adam Deadmarsh 10 2 1 2
5 vs 5 Defense
Defense Defense Time % Phy DF OF
1 Mike Green Nathan Dempsey 40 1 3 1
2 Fedor Tyutin Bret Hedican 30 1 3 1
3 Niclas Wallin Shane Hnidy 20 2 2 1
4 Mike Green Nathan Dempsey 10 1 3 1
PowerPlay Forward
Center Left Wing Right Wing Time % Phy DF OF
1 Chris Drury Jozef Stumpel Mark Recchi 60 0 1 4
2 Vaclav Prospal R.J. Umberger Adam Deadmarsh 40 0 1 4
PowerPlay Defense
Defense Defense Time % Phy DF OF
1 Bret Hedican Mike Green 60 0 2 3
2 Fedor Tyutin Nathan Dempsey 40 0 2 3
Penalty Kill 4 Players Forward
Center Wing Time % Phy DF OF
1 Rod Brind'Amour Brian Rolston 60 1 3 1
2 Mike Ricci Chris Higgins 40 1 3 1
Penalty Kill 4 Players Defense
Defense Defense Time % Phy DF OF
1 Niclas Wallin Shane Hnidy 60 2 3 0
2 Nathan Dempsey Bret Hedican 40 2 3 0
Penalty Kill - 3 Players Forward
Forward Time % Phy DF OF
1 Rod Brind'Amour 60 1 4 0
2 Mike Ricci 40 1 4 0
Penalty Kill - 3 Players Defense
Defense Defense Time % Phy DF OF
1 Niclas Wallin Fedor Tyutin 60 2 3 0
2 Nathan Dempsey Shane Hnidy 40 2 3 0
4 vs 4 Forward
Center Wing Time % Phy DF OF
1 Mark Recchi Chris Drury 60 1 1 3
2 Jozef Stumpel Vaclav Prospal 40 1 1 3
4 vs 4 Defense
Defense Defense Time % Phy DF OF
1 Mike Green Nathan Dempsey 60 2 2 1
2 Fedor Tyutin Bret Hedican 40 2 2 1
Last Minutes Offensive
Center Left Wing Right Wing Defense Defense
Chris Drury Jozef Stumpel Mark Recchi Bret Hedican Mike Green
Last Minutes Defensive
Center Left Wing Right Wing Defense Defense
Rod Brind'Amour Mike Ricci Brian Rolston Niclas Wallin Nathan Dempsey
Goaltenders
Starting : Martin Brodeur
Backup : Jamie Storr
Extra Forwards
Normal : Chris Drury, Mark Recchi, Jozef Stumpel - PP : Chris Drury, Mark Recchi - PK : Rod Brind'Amour
Extra Defensemen
Normal : Mike Green, Nathan Dempsey, Fedor Tyutin - PP : Mike Green - PK : Nathan Dempsey, Niclas Wallin
Penalty Shots
Mark Recchi, Chris Drury, Jozef Stumpel, Vaclav Prospal, Mike Ricci
Red Wings
5 vs 5 Forward
Center Left Wing Right Wing Time % Phy DF OF
1 Jason Spezza Sean Bergenheim Martin Havlat 40 1 2 2
2 Shawn Horcoff Rick Nash Nathan Horton 36 1 2 2
3 Radek Bonk Donald Brashear Lubos Bartecko 20 1 2 2
4 Brian Sutherby Peter Schaefer Lubos Bartecko 4 1 3 1
5 vs 5 Defense
Defense Defense Time % Phy DF OF
1 Kim Johnsson Paul Martin 40 1 2 2
2 Christian Laflamme Maxim Kondratiev 30 1 2 2
3 Jaroslav Spacek Christian Backman 20 0 3 2
4 Kim Johnsson Pavel Trnka 10 1 2 2
PowerPlay Forward
Center Left Wing Right Wing Time % Phy DF OF
1 Jason Spezza Sean Bergenheim Martin Havlat 55 0 1 4
2 Shawn Horcoff Rick Nash Nathan Horton 45 0 1 4
PowerPlay Defense
Defense Defense Time % Phy DF OF
1 Kim Johnsson Paul Martin 70 0 2 3
2 Maxim Kondratiev Jaroslav Spacek 30 0 2 3
Penalty Kill 4 Players Forward
Center Wing Time % Phy DF OF
1 Jason Spezza Martin Havlat 60 0 3 2
2 Shawn Horcoff Rick Nash 40 0 3 2
Penalty Kill 4 Players Defense
Defense Defense Time % Phy DF OF
1 Kim Johnsson Christian Laflamme 60 0 3 2
2 Christian Backman Maxim Kondratiev 40 0 3 2
Penalty Kill - 3 Players Forward
Forward Time % Phy DF OF
1 Jason Spezza 60 1 3 1
2 Shawn Horcoff 40 1 3 1
Penalty Kill - 3 Players Defense
Defense Defense Time % Phy DF OF
1 Kim Johnsson Christian Laflamme 60 1 3 1
2 Christian Backman Maxim Kondratiev 40 1 3 1
4 vs 4 Forward
Center Wing Time % Phy DF OF
1 Jason Spezza Martin Havlat 60 0 2 3
2 Shawn Horcoff Nathan Horton 40 0 2 3
4 vs 4 Defense
Defense Defense Time % Phy DF OF
1 Kim Johnsson Paul Martin 60 0 2 3
2 Christian Laflamme Maxim Kondratiev 40 0 2 3
Last Minutes Offensive
Center Left Wing Right Wing Defense Defense
Jason Spezza Sean Bergenheim Martin Havlat Kim Johnsson Paul Martin
Last Minutes Defensive
Center Left Wing Right Wing Defense Defense
Jason Spezza Rick Nash Martin Havlat Kim Johnsson Christian Laflamme
Goaltenders
Starting : Robert Esche
Backup : Mike McKenna
Extra Forwards
Normal : Shawn Horcoff, Sean Bergenheim, Lubos Bartecko - PP : Rick Nash, Shawn Horcoff - PK : Donald Brashear
Extra Defensemen
Normal : Christian Backman, Jaroslav Spacek, Pavel Trnka - PP : Christian Backman - PK : Pavel Trnka, Paul Martin
Penalty Shots
Shawn Horcoff, Martin Havlat, Rick Nash, Nathan Horton, Jason Spezza
% Time on Ice - Wild
Lines # - Real PCT - Wanted PCT - Time Play
Normal Forward
1 - 38% - 40% - 16:23
2 - 28% - 30% - 12:02
3 - 20% - 20% - 8:46
4 - 13% - 10% - 5:40
Normal Defense
1 - 41% - 40% - 17:25
2 - 31% - 30% - 13:14
3 - 27% - 20% - 11:28
4 - 2% - 10% - 0:44
PP Forward
1 - 58% - 60% - 2:18
2 - 42% - 40% - 1:40
PP Defense
1 - 61% - 60% - 2:24
2 - 39% - 40% - 1:34
PK Forward
1 - 69% - 60% - 8:50
2 - 31% - 40% - 4:03
PK Defense
1 - 63% - 60% - 8:05
2 - 37% - 40% - 4:48
PK3 Forward
1 - 0% - 60%
2 - 0% - 40%
PK3 Defense
1 - 0% - 60%
2 - 0% - 40%
44 Forward
1 - 0% - 60%
2 - 0% - 40%
44 Defense
1 - 0% - 60%
2 - 0% - 40%
Last Minute Offensive - 0:18
Last Minute Defensive - 0:00
Total
Forward - 60:00
Defense - 60:00
|
% Time on Ice - Red Wings
Lines # - Real PCT - Wanted PCT - Time Play
Normal Forward
1 - 33% - 40% - 14:16
2 - 34% - 36% - 14:37
3 - 22% - 20% - 9:25
4 - 11% - 4% - 4:41
Normal Defense
1 - 37% - 40% - 16:04
2 - 36% - 30% - 15:16
3 - 20% - 20% - 8:42
4 - 7% - 10% - 2:57
PP Forward
1 - 52% - 55% - 6:42
2 - 48% - 45% - 6:11
PP Defense
1 - 70% - 70% - 9:00
2 - 30% - 30% - 3:53
PK Forward
1 - 84% - 60% - 3:19
2 - 16% - 40% - 0:39
PK Defense
1 - 76% - 60% - 3:00
2 - 24% - 40% - 0:58
PK3 Forward
1 - 0% - 60%
2 - 0% - 40%
PK3 Defense
1 - 0% - 60%
2 - 0% - 40%
44 Forward
1 - 0% - 60%
2 - 0% - 40%
44 Defense
1 - 0% - 60%
2 - 0% - 40%
Last Minute Offensive - 0:00
Last Minute Defensive - 0:10
Total
Forward - 60:00
Defense - 60:00
|
Play by Play
1st period
0:01 of 1st period - Jason Spezza wins face-off versus Chris Drury in neutral zone.
0:06 of 1st period - Wrist shot by Sean Bergenheim.
0:06 of 1st period - Shot Misses the Net.
0:20 of 1st period - Kim Johnsson is hit by R.J. Umberger and loses puck.
1:15 of 1st period - Snap shot by Brian Sutherby.
1:15 of 1st period - Stopped by Martin Brodeur with a rebound.
2:17 of 1st period - Wrist shot by Adam Deadmarsh.
2:17 of 1st period - Deflect By Mike Ricci.
2:17 of 1st period - Goal by Mike Ricci - Wild : 1 - Red Wings : 0.
2:18 of 1st period - Shawn Horcoff wins face-off versus Chris Drury in neutral zone.
2:29 of 1st period - Snap shot by Rick Nash.
2:29 of 1st period - Goal by Rick Nash - Wild : 1 - Red Wings : 1.
2:30 of 1st period - Rod Brind'Amour wins face-off versus Jason Spezza in neutral zone.
2:55 of 1st period - Mike Green is hit by Radek Bonk and loses puck.
3:04 of 1st period - Wrist shot by Mark Recchi.
3:04 of 1st period - Shot Misses the Net.
3:23 of 1st period - Slapshot by Shawn Horcoff.
3:23 of 1st period - Stopped by Martin Brodeur without a rebound.
3:24 of 1st period - R.J. Umberger wins face-off versus Jason Spezza in Wild zone.
3:55 of 1st period - Snap shot by Nathan Horton.
3:55 of 1st period - Shot Misses the Net.
3:57 of 1st period - Backhand shot by Rick Nash.
3:57 of 1st period - Shot Misses the Net.
3:59 of 1st period - Slapshot by Maxim Kondratiev.
3:59 of 1st period - Shot Blocked by Jozef Stumpel.
4:01 of 1st period - Wrist shot by Shawn Horcoff.
4:01 of 1st period - Shot Misses the Net.
4:14 of 1st period - Icing by Brian Rolston.
4:15 of 1st period - Rod Brind'Amour wins face-off versus Brian Sutherby in Wild zone.
4:21 of 1st period - Minor Penalty to Brian Rolston for Boarding.
4:22 of 1st period - Jason Spezza wins face-off versus Rod Brind'Amour in Wild zone.
4:47 of 1st period - Kim Johnsson is hit by Chris Higgins and loses puck.
5:02 of 1st period - Icing by Rick Nash.
5:03 of 1st period - Shawn Horcoff wins face-off versus Fredrik Modin in Red Wings zone.
6:21 of 1st period - Penalty to Brian Rolston is over, Brian Rolston is back on ice.
6:23 of 1st period - Backhand shot by Rick Nash.
6:23 of 1st period - Deflect By Niclas Wallin.
6:23 of 1st period - Stopped by Martin Brodeur without a rebound.
6:24 of 1st period - Jason Spezza wins face-off versus Chris Drury in Wild zone.
6:29 of 1st period - Snap shot by Jason Spezza.
6:29 of 1st period - Goal by Jason Spezza - Wild : 1 - Red Wings : 2.
6:30 of 1st period - Jason Spezza wins face-off versus Chris Drury in neutral zone.
6:55 of 1st period - Mike Green is hit by Donald Brashear and loses puck.
7:13 of 1st period - Minor Penalty to Chris Higgins for Roughing.
7:14 of 1st period - Jason Spezza wins face-off versus Rod Brind'Amour in Wild zone.
7:19 of 1st period - Slapshot by Jason Spezza.
7:19 of 1st period - Shot Blocked by Niclas Wallin.
7:21 of 1st period - Slapshot by Kim Johnsson.
7:21 of 1st period - Shot Blocked by Rod Brind'Amour.
7:23 of 1st period - Slapshot by Paul Martin.
7:23 of 1st period - Deflect By Sean Bergenheim.
7:23 of 1st period - Shot Blocked by Brian Rolston.
7:23 of 1st period - Puck is out of play.
7:24 of 1st period - Jason Spezza wins face-off versus Rod Brind'Amour in Wild zone.
7:51 of 1st period - Wrist shot by Martin Havlat.
7:51 of 1st period - Shot Blocked by Rod Brind'Amour.
7:53 of 1st period - Slapshot by Martin Havlat.
7:53 of 1st period - Stopped by Martin Brodeur without a rebound.
7:54 of 1st period - Shawn Horcoff wins face-off versus Rod Brind'Amour in Wild zone.
7:57 of 1st period - Wrist shot by Rick Nash.
7:57 of 1st period - Stopped by Martin Brodeur without a rebound.
7:58 of 1st period - Rod Brind'Amour wins face-off versus Shawn Horcoff in Wild zone.
9:13 of 1st period - Penalty to Chris Higgins is over, Chris Higgins is back on ice.
9:23 of 1st period - Off-side.
9:24 of 1st period - Chris Drury wins face-off versus Radek Bonk in neutral zone.
9:31 of 1st period - Slapshot by Chris Drury.
9:31 of 1st period - Stopped by Robert Esche with a rebound.
9:49 of 1st period - Shawn Horcoff is hit by Fedor Tyutin and loses puck.
10:11 of 1st period - Chris Higgins is hit by Kim Johnsson and loses puck.
11:32 of 1st period - Kim Johnsson is hit by Fredrik Modin and loses puck.
11:53 of 1st period - Fedor Tyutin is hit by Radek Bonk and loses puck.
12:08 of 1st period - Christian Backman is hit by Rod Brind'Amour and loses puck.
12:13 of 1st period - Backhand shot by Brian Rolston.
12:13 of 1st period - Stopped by Robert Esche without a rebound.
12:14 of 1st period - Chris Drury wins face-off versus Nathan Horton in Red Wings zone.
12:18 of 1st period - Minor Penalty to Mark Recchi for Interference.
12:19 of 1st period - Martin Havlat wins face-off versus Rod Brind'Amour in Wild zone.
12:20 of 1st period - Snap shot by Jason Spezza.
12:20 of 1st period - Goal by Jason Spezza - Wild : 1 - Red Wings : 3.
12:21 of 1st period - Chris Drury wins face-off versus Sean Bergenheim in neutral zone.
12:26 of 1st period - Snap shot by R.J. Umberger.
12:26 of 1st period - Shot Blocked by Paul Martin.
12:36 of 1st period - R.J. Umberger is hit by Kim Johnsson and loses puck.
13:09 of 1st period - Wrist shot by Lubos Bartecko.
13:09 of 1st period - Stopped by Martin Brodeur without a rebound.
13:10 of 1st period - Radek Bonk wins face-off versus Chris Higgins in Wild zone.
13:43 of 1st period - Snap shot by Martin Havlat.
13:43 of 1st period - Shot Blocked by Bret Hedican.
13:45 of 1st period - Snap shot by Martin Havlat.
13:45 of 1st period - Shot Misses the Net.
13:47 of 1st period - Backhand shot by Martin Havlat.
13:47 of 1st period - Stopped by Martin Brodeur without a rebound.
13:48 of 1st period - Shawn Horcoff wins face-off versus Anson Carter in Wild zone.
13:55 of 1st period - Snap shot by Rick Nash.
13:55 of 1st period - Deflect By Mike Green.
13:55 of 1st period - Shot Blocked by Mike Green.
13:55 of 1st period - Puck is out of play.
13:56 of 1st period - Shawn Horcoff wins face-off versus Vaclav Prospal in Wild zone.
14:03 of 1st period - Nathan Horton is hit by Vaclav Prospal and loses puck.
14:14 of 1st period - Slapshot by Vaclav Prospal.
14:14 of 1st period - Goal by Vaclav Prospal - Wild : 2 - Red Wings : 3.
14:15 of 1st period - Jason Spezza wins face-off versus Chris Drury in neutral zone.
14:41 of 1st period - Nathan Horton is hit by Jozef Stumpel and loses puck.
14:46 of 1st period - Snap shot by Jozef Stumpel.
14:46 of 1st period - Shot Blocked by Rick Nash.
14:48 of 1st period - Wrist shot by Jozef Stumpel.
14:48 of 1st period - Stopped by Robert Esche without a rebound.
14:49 of 1st period - Vaclav Prospal wins face-off versus Shawn Horcoff in Red Wings zone.
14:56 of 1st period - Slapshot by Vaclav Prospal.
14:56 of 1st period - Shot Blocked by Jaroslav Spacek.
14:58 of 1st period - Slapshot by Niclas Wallin.
14:58 of 1st period - Shot Blocked by Rick Nash.
15:00 of 1st period - Snap shot by Vaclav Prospal.
15:00 of 1st period - Shot Blocked by Nathan Horton.
15:02 of 1st period - Snap shot by Anson Carter.
15:02 of 1st period - Shot Misses the Net.
15:04 of 1st period - Snap shot by Vaclav Prospal.
15:04 of 1st period - Stopped by Robert Esche with a rebound.
15:16 of 1st period - Mark Recchi is hit by Jason Spezza and loses puck.
15:34 of 1st period - Off-side.
15:35 of 1st period - Chris Higgins wins face-off versus Radek Bonk in neutral zone.
16:11 of 1st period - Wrist shot by Anson Carter.
16:11 of 1st period - Shot Misses the Net.
17:19 of 1st period - Slapshot by Jozef Stumpel.
17:19 of 1st period - Stopped by Robert Esche without a rebound.
17:20 of 1st period - Vaclav Prospal wins face-off versus Jason Spezza in Red Wings zone.
17:21 of 1st period - Wrist shot by Anson Carter.
17:21 of 1st period - Shot Misses the Net.
17:23 of 1st period - Snap shot by Nathan Dempsey.
17:23 of 1st period - Shot Blocked by Sean Bergenheim.
17:25 of 1st period - Slapshot by Nathan Dempsey.
17:25 of 1st period - Deflect By Anson Carter.
17:25 of 1st period - Shot Misses the Net.
17:25 of 1st period - Puck is out of play.
17:26 of 1st period - Chris Drury wins face-off versus Jason Spezza in Red Wings zone.
17:31 of 1st period - Wrist shot by Mark Recchi.
17:31 of 1st period - Shot Misses the Net.
17:33 of 1st period - Slapshot by Nathan Dempsey.
17:33 of 1st period - Stopped by Robert Esche with a rebound.
17:35 of 1st period - Wrist shot by R.J. Umberger.
17:35 of 1st period - Shot Misses the Net.
18:45 of 1st period - Snap shot by Lubos Bartecko.
18:45 of 1st period - Shot Misses the Net.
18:47 of 1st period - Slapshot by Christian Laflamme.
18:47 of 1st period - Stopped by Martin Brodeur with a rebound.
18:49 of 1st period - Snap shot by Donald Brashear.
18:49 of 1st period - Stopped by Martin Brodeur without a rebound.
18:50 of 1st period - Vaclav Prospal wins face-off versus Jason Spezza in Wild zone.
19:32 of 1st period - Icing by Niclas Wallin.
19:33 of 1st period - Chris Drury wins face-off versus Jason Spezza in Wild zone.
19:49 of 1st period - Snap shot by Mark Recchi.
19:49 of 1st period - Shot Misses the Net.
19:51 of 1st period - Wrist shot by Mark Recchi.
19:51 of 1st period - Goal by Mark Recchi - Wild : 3 - Red Wings : 3.
19:52 of 1st period - Shawn Horcoff wins face-off versus Chris Drury in neutral zone.
2nd period
0:01 of 2nd period - Chris Drury wins face-off versus Jason Spezza in neutral zone.
0:04 of 2nd period - Slapshot by Mike Green.
0:04 of 2nd period - Stopped by Robert Esche without a rebound.
0:05 of 2nd period - Chris Drury wins face-off versus Jason Spezza in Red Wings zone.
0:09 of 2nd period - Minor Penalty to Mike Green for Hooking.
0:10 of 2nd period - Martin Havlat wins face-off versus Rod Brind'Amour in Wild zone.
0:19 of 2nd period - Slapshot by Rod Brind'Amour.
0:19 of 2nd period - Stopped by Robert Esche with a rebound.
0:21 of 2nd period - Slapshot by Shane Hnidy.
0:21 of 2nd period - Deflect By Kim Johnsson.
0:21 of 2nd period - Stopped by Robert Esche with a rebound.
0:23 of 2nd period - Wrist shot by Rod Brind'Amour.
0:23 of 2nd period - Shot Misses the Net.
0:25 of 2nd period - Wrist shot by Brian Rolston.
0:25 of 2nd period - Shot Blocked by Kim Johnsson.
0:32 of 2nd period - Icing by Paul Martin.
0:33 of 2nd period - Shawn Horcoff wins face-off versus Rod Brind'Amour in Red Wings zone.
1:22 of 2nd period - Shawn Horcoff is hit by Brian Rolston and loses puck.
2:09 of 2nd period - Penalty to Mike Green is over, Mike Green is back on ice.
2:47 of 2nd period - Slapshot by Fredrik Modin.
2:47 of 2nd period - Shot Blocked by Lubos Bartecko.
2:49 of 2nd period - Slapshot by Nathan Dempsey.
2:49 of 2nd period - Shot Misses the Net.
2:51 of 2nd period - Slapshot by Bret Hedican.
2:51 of 2nd period - Deflect By Mike Ricci.
2:51 of 2nd period - Shot Misses the Net.
2:51 of 2nd period - Puck is out of play.
2:52 of 2nd period - Shawn Horcoff wins face-off versus Mark Recchi in Red Wings zone.
2:52 of 2nd period - Shawn Horcoff is hit by Mark Recchi.
3:00 of 2nd period - Snap shot by Mark Recchi.
3:00 of 2nd period - Stopped by Robert Esche with a rebound.
3:02 of 2nd period - Slapshot by Nathan Dempsey.
3:02 of 2nd period - Deflect By R.J. Umberger.
3:02 of 2nd period - Stopped by Robert Esche without a rebound.
3:03 of 2nd period - Jason Spezza wins face-off versus Chris Drury in Red Wings zone.
3:34 of 2nd period - Off-side.
3:35 of 2nd period - Rod Brind'Amour wins face-off versus Shawn Horcoff in neutral zone.
3:40 of 2nd period - Snap shot by Brian Rolston.
3:40 of 2nd period - Shot Blocked by Jaroslav Spacek.
3:56 of 2nd period - R.J. Umberger is hit by Nathan Horton and loses puck.
5:11 of 2nd period - Jason Spezza is hit by Mike Ricci.
5:27 of 2nd period - Slapshot by Jozef Stumpel.
5:27 of 2nd period - Shot Misses the Net.
5:29 of 2nd period - Slapshot by Bret Hedican.
5:29 of 2nd period - Stopped by Robert Esche with a rebound.
5:31 of 2nd period - Wrist shot by Fedor Tyutin.
5:31 of 2nd period - Stopped by Robert Esche without a rebound.
5:32 of 2nd period - Chris Drury wins face-off versus Jason Spezza in Red Wings zone.
5:42 of 2nd period - Minor Penalty to Shane Hnidy for Hooking.
5:43 of 2nd period - Jason Spezza wins face-off versus Rod Brind'Amour in Wild zone.
6:02 of 2nd period - Kim Johnsson is hit by Brian Rolston and loses puck.
7:02 of 2nd period - Martin Havlat is hit by Chris Higgins and loses puck.
7:42 of 2nd period - Penalty to Shane Hnidy is over, Shane Hnidy is back on ice.
8:04 of 2nd period - Maxim Kondratiev is hit by Mike Ricci and loses puck.
8:10 of 2nd period - Icing by Maxim Kondratiev.
8:11 of 2nd period - Brian Sutherby wins face-off versus Vaclav Prospal in Red Wings zone.
8:48 of 2nd period - Shane Hnidy is hit by Kim Johnsson and loses puck.
9:27 of 2nd period - Snap shot by Donald Brashear.
9:27 of 2nd period - Stopped by Martin Brodeur without a rebound.
9:28 of 2nd period - Radek Bonk wins face-off versus Chris Drury in Wild zone.
9:40 of 2nd period - Icing by Kim Johnsson.
9:41 of 2nd period - Chris Drury wins face-off versus Lubos Bartecko in Red Wings zone.
9:53 of 2nd period - Minor Penalty to Mark Recchi for Delaying the game.
9:54 of 2nd period - Rod Brind'Amour wins face-off versus Jason Spezza in Wild zone.
9:59 of 2nd period - Slapshot by Nathan Dempsey.
9:59 of 2nd period - Stopped by Robert Esche without a rebound.
10:00 of 2nd period - Jason Spezza wins face-off versus Rod Brind'Amour in Red Wings zone.
11:53 of 2nd period - Penalty to Mark Recchi is over, Mark Recchi is back on ice.
12:07 of 2nd period - Bret Hedican is hit by Radek Bonk and loses puck.
12:24 of 2nd period - Brian Sutherby is hit by Vaclav Prospal and loses puck.
12:39 of 2nd period - Snap shot by Mike Ricci.
12:39 of 2nd period - Stopped by Robert Esche without a rebound.
12:40 of 2nd period - Brian Sutherby wins face-off versus Mike Ricci in Red Wings zone.
13:03 of 2nd period - Nathan Horton is hit by Vaclav Prospal and loses puck.
13:37 of 2nd period - Maxim Kondratiev is hit by Niclas Wallin and loses puck.
14:19 of 2nd period - Paul Martin is hit by Fredrik Modin and loses puck.
15:39 of 2nd period - Brian Sutherby is hit by Adam Deadmarsh and loses puck.
16:00 of 2nd period - Slapshot by Anson Carter.
16:00 of 2nd period - Stopped by Robert Esche without a rebound.
16:01 of 2nd period - Rick Nash wins face-off versus Chris Drury in Red Wings zone.
16:24 of 2nd period - Minor Penalty to Anson Carter for High sticking.
16:25 of 2nd period - Jason Spezza wins face-off versus Rod Brind'Amour in Wild zone.
16:26 of 2nd period - Wrist shot by Sean Bergenheim.
16:26 of 2nd period - Shot Misses the Net.
16:28 of 2nd period - Slapshot by Jason Spezza.
16:28 of 2nd period - Stopped by Martin Brodeur without a rebound.
16:29 of 2nd period - Jason Spezza wins face-off versus Rod Brind'Amour in Wild zone.
16:30 of 2nd period - Snap shot by Martin Havlat.
16:30 of 2nd period - Stopped by Martin Brodeur without a rebound.
16:31 of 2nd period - Jason Spezza wins face-off versus Rod Brind'Amour in Wild zone.
16:32 of 2nd period - Wrist shot by Martin Havlat.
16:32 of 2nd period - Shot Misses the Net.
17:06 of 2nd period - Snap shot by Shawn Horcoff.
17:06 of 2nd period - Stopped by Martin Brodeur without a rebound.
17:07 of 2nd period - Jason Spezza wins face-off versus Mike Ricci in Wild zone.
17:10 of 2nd period - Snap shot by Martin Havlat.
17:10 of 2nd period - Stopped by Martin Brodeur without a rebound.
17:11 of 2nd period - Jason Spezza wins face-off versus Rod Brind'Amour in Wild zone.
17:16 of 2nd period - Wrist shot by Jason Spezza.
17:16 of 2nd period - Stopped by Martin Brodeur with a rebound.
17:41 of 2nd period - Snap shot by Mike Ricci.
17:41 of 2nd period - Shot Misses the Net.
17:43 of 2nd period - Slapshot by Niclas Wallin.
17:43 of 2nd period - Deflect By Rick Nash.
17:43 of 2nd period - Stopped by Robert Esche without a rebound.
17:44 of 2nd period - Rod Brind'Amour wins face-off versus Jason Spezza in Red Wings zone.
18:09 of 2nd period - Snap shot by Nathan Horton.
18:09 of 2nd period - Deflect By Shawn Horcoff.
18:09 of 2nd period - Shot Misses the Net.
18:09 of 2nd period - Puck is out of play.
18:10 of 2nd period - Shawn Horcoff wins face-off versus Mike Ricci in Wild zone.
18:17 of 2nd period - Backhand shot by Nathan Horton.
18:17 of 2nd period - Stopped by Martin Brodeur without a rebound.
18:18 of 2nd period - Mike Ricci wins face-off versus Jason Spezza in Wild zone.
18:24 of 2nd period - Penalty to Anson Carter is over, Anson Carter is back on ice.
18:33 of 2nd period - Slapshot by Jason Spezza.
18:33 of 2nd period - Stopped by Martin Brodeur without a rebound.
18:34 of 2nd period - Shawn Horcoff wins face-off versus Chris Drury in Wild zone.
18:35 of 2nd period - Snap shot by Rick Nash.
18:35 of 2nd period - Stopped by Martin Brodeur with a rebound.
18:37 of 2nd period - Slapshot by Rick Nash.
18:37 of 2nd period - Stopped by Martin Brodeur without a rebound.
18:38 of 2nd period - Chris Drury wins face-off versus Shawn Horcoff in Wild zone.
19:03 of 2nd period - Martin Havlat is hit by Mike Green and loses puck.
19:22 of 2nd period - Slapshot by Kim Johnsson.
19:22 of 2nd period - Stopped by Martin Brodeur without a rebound.
19:23 of 2nd period - Radek Bonk wins face-off versus Rod Brind'Amour in Wild zone.
19:38 of 2nd period - Wrist shot by Radek Bonk.
19:38 of 2nd period - Stopped by Martin Brodeur without a rebound.
19:39 of 2nd period - Jason Spezza wins face-off versus Chris Drury in Wild zone.
19:40 of 2nd period - Snap shot by Martin Havlat.
19:40 of 2nd period - Shot Blocked by Chris Drury.
19:42 of 2nd period - Wrist shot by Jason Spezza.
19:42 of 2nd period - Shot Blocked by Chris Drury.
3rd period
0:01 of 3rd period - Chris Drury wins face-off versus Jason Spezza in neutral zone.
0:15 of 3rd period - Snap shot by R.J. Umberger.
0:15 of 3rd period - Stopped by Robert Esche without a rebound.
0:16 of 3rd period - Vaclav Prospal wins face-off versus Shawn Horcoff in Red Wings zone.
0:41 of 3rd period - Mark Recchi is hit by Martin Havlat.
0:45 of 3rd period - Martin Havlat is hit by R.J. Umberger and loses puck.
1:44 of 3rd period - Icing by Mike Green.
1:45 of 3rd period - Vaclav Prospal wins face-off versus Martin Havlat in Wild zone.
1:50 of 3rd period - Jason Spezza is hit by Mike Green.
2:14 of 3rd period - Slapshot by Mark Recchi.
2:14 of 3rd period - Shot Misses the Net.
2:28 of 3rd period - Maxim Kondratiev is hit by R.J. Umberger and loses puck.
2:30 of 3rd period - Minor Penalty to Christian Laflamme for Holding.
2:31 of 3rd period - Jason Spezza wins face-off versus Chris Drury in Red Wings zone.
2:31 of 3rd period - Jason Spezza is hit by Mark Recchi.
4:00 of 3rd period - Bret Hedican is hit by Paul Martin and loses puck.
4:30 of 3rd period - Penalty to Christian Laflamme is over, Christian Laflamme is back on ice.
5:30 of 3rd period - Snap shot by Anson Carter.
5:30 of 3rd period - Stopped by Robert Esche with a rebound.
5:52 of 3rd period - Wrist shot by Shawn Horcoff.
5:52 of 3rd period - Goal by Shawn Horcoff - Wild : 3 - Red Wings : 4.
5:53 of 3rd period - Chris Drury wins face-off versus Jason Spezza in neutral zone.
6:19 of 3rd period - Jozef Stumpel is hit by Lubos Bartecko and loses puck.
6:40 of 3rd period - Mike Green is hit by Lubos Bartecko and loses puck.
7:23 of 3rd period - Icing by Peter Schaefer.
7:24 of 3rd period - Chris Drury wins face-off versus Brian Sutherby in Red Wings zone.
8:17 of 3rd period - Wrist shot by Christian Backman.
8:17 of 3rd period - Shot Hit the Post.
8:33 of 3rd period - Shawn Horcoff is hit by Chris Higgins.
9:11 of 3rd period - Slapshot by Mark Recchi.
9:11 of 3rd period - Shot Misses the Net.
9:13 of 3rd period - Slapshot by Shane Hnidy.
9:13 of 3rd period - Deflect By Jozef Stumpel.
9:13 of 3rd period - Wild goal is going for a video replay.
9:13 of 3rd period - The goal is good.
9:13 of 3rd period - Goal by Jozef Stumpel - Wild : 4 - Red Wings : 4.
9:14 of 3rd period - Chris Drury wins face-off versus Jason Spezza in neutral zone.
9:19 of 3rd period - Wrist shot by Chris Drury.
9:19 of 3rd period - Stopped by Robert Esche without a rebound.
9:20 of 3rd period - Jason Spezza wins face-off versus Chris Drury in Red Wings zone.
9:53 of 3rd period - Backhand shot by Rick Nash.
9:53 of 3rd period - Shot Misses the Net.
9:55 of 3rd period - Wrist shot by Shawn Horcoff.
9:55 of 3rd period - Shot Blocked by Anson Carter.
10:15 of 3rd period - Slapshot by Radek Bonk.
10:15 of 3rd period - Stopped by Martin Brodeur with a rebound.
10:50 of 3rd period - Bret Hedican is hit by Nathan Horton and loses puck.
12:10 of 3rd period - Jason Spezza is hit by Adam Deadmarsh and loses puck.
12:15 of 3rd period - Slapshot by Adam Deadmarsh.
12:15 of 3rd period - Shot Misses the Net.
12:17 of 3rd period - Snap shot by Adam Deadmarsh.
12:17 of 3rd period - Stopped by Robert Esche without a rebound.
12:18 of 3rd period - Shawn Horcoff wins face-off versus Vaclav Prospal in Red Wings zone.
12:36 of 3rd period - Nathan Horton is hit by Anson Carter and loses puck.
13:36 of 3rd period - Minor Penalty to Nathan Horton for Hooking.
13:37 of 3rd period - Chris Drury wins face-off versus Jason Spezza in Red Wings zone.
13:42 of 3rd period - Snap shot by Jozef Stumpel.
13:42 of 3rd period - Stopped by Robert Esche with a rebound.
13:44 of 3rd period - Snap shot by Jozef Stumpel.
13:44 of 3rd period - Deflect By Martin Havlat.
13:44 of 3rd period - Shot Misses the Net.
13:44 of 3rd period - Puck is out of play.
13:45 of 3rd period - Chris Drury wins face-off versus Jason Spezza in Red Wings zone.
14:05 of 3rd period - Off-side.
14:06 of 3rd period - Vaclav Prospal wins face-off versus Jason Spezza in neutral zone.
14:08 of 3rd period - Off-side.
14:09 of 3rd period - Jason Spezza wins face-off versus Vaclav Prospal in neutral zone.
14:14 of 3rd period - Snap shot by Martin Havlat.
14:14 of 3rd period - Goal by Martin Havlat - Wild : 4 - Red Wings : 5.
14:15 of 3rd period - Chris Drury wins face-off versus Jason Spezza in neutral zone.
14:18 of 3rd period - Kim Johnsson is hit by Jozef Stumpel and loses puck.
14:41 of 3rd period - Jason Spezza is hit by Mike Green and loses puck.
15:36 of 3rd period - Penalty to Nathan Horton is over, Nathan Horton is back on ice.
15:39 of 3rd period - Icing by Peter Schaefer.
15:40 of 3rd period - Rod Brind'Amour wins face-off versus Donald Brashear in Red Wings zone.
16:27 of 3rd period - Wrist shot by Chris Drury.
16:27 of 3rd period - Shot Misses the Net.
16:29 of 3rd period - Slapshot by R.J. Umberger.
16:29 of 3rd period - Stopped by Robert Esche with a rebound.
16:31 of 3rd period - Slapshot by Niclas Wallin.
16:31 of 3rd period - Stopped by Robert Esche without a rebound.
16:32 of 3rd period - Radek Bonk wins face-off versus Rod Brind'Amour in Red Wings zone.
16:32 of 3rd period - Radek Bonk is hit by Rod Brind'Amour.
17:48 of 3rd period - Jaroslav Spacek is hit by Brian Rolston.
18:22 of 3rd period - Snap shot by Anson Carter.
18:22 of 3rd period - Stopped by Robert Esche without a rebound.
18:23 of 3rd period - Rod Brind'Amour wins face-off versus Shawn Horcoff in Red Wings zone.
18:34 of 3rd period - Snap shot by Bret Hedican.
18:34 of 3rd period - Shot Misses the Net.
19:02 of 3rd period - Minor Penalty to Mark Recchi for Holding.
19:03 of 3rd period - Sean Bergenheim wins face-off versus Rod Brind'Amour in Wild zone.
19:08 of 3rd period - Slapshot by Martin Havlat.
19:08 of 3rd period - Stopped by Martin Brodeur with a rebound.
19:20 of 3rd period - Rod Brind'Amour is hit by Martin Havlat and loses puck.
Output by the SimonT Hockey Simulator (STHS) for François Prévost -- Original Page W3C XHTML 1.0 Valid